 Dungeon Crawl Stone Soup version 0.28.0-45-g0d030f2227 (webtiles) character file.

Game seed: 6263290511439416568

21270 protoss039 the Fighter (level 12, -1/80 HPs)
             Began as a Gargoyle Gladiator on Apr 11, 2022.
             Was a High Priest of Okawaru.
             Slain by a boulder beetle (33 damage)
             ... on level 11 of the Dungeon.
             The game lasted 00:31:21 (11236 turns).

protoss039 the Fighter (Gargoyle Gladiator)        Turns: 11236, Time: 00:31:21

Health: -1/80      AC: 33    Str: 23    XL:     12   Next: 88%
Magic:  17/18      EV:  9    Int:  9    God:    Okawaru [*****.]
Gold:   524        SH: 12    Dex: 11    Spells: 11/11 levels left

rFire   . . .      SeeInvis +   K - +0 morningstar
rCold   . . .      Faith    .   y - +0 kite shield
rNeg    + . .      Spirit   .   h - +0 plate armour
rPois   ∞          Reflect  .   k - +1 helmet
rElec   +          Harm     .   l - +0 cloak
rCorr   .          Rampage  .   (no gloves)
Will    .....                   D - +1 pair of boots
Stlth   ..........              f - amulet of regeneration
HPRegen 1.03/turn               i - ring of see invisible
MPRegen 0.16/turn               (no ring)

@: heroic
A: sickness immunity, AC +8, negative energy resistance 1, electricity
resistance, torment resistance 1, petrification resistance
a: Renounce Religion, Heroism, Finesse, Duel


You were on level 11 of the Dungeon.
You worshipped Okawaru.
Okawaru was extremely pleased with you.
You visited 2 branches of the dungeon, and saw 12 of its levels.
You also visited: Sewer and Bailey.

You collected 671 gold pieces.
You spent 147 gold pieces at shops.

Inventory:

Hand Weapons
 H - a +1 scimitar of flaming
 K - a +0 morningstar (weapon)
Missiles
 d - 4 throwing nets (quivered)
Armour
 h - a +0 plate armour (worn)
 k - a +1 helmet (worn)
 l - a +0 cloak (worn)
 y - a +0 kite shield (worn)
 D - a +1 pair of boots (worn)
Jewellery
 f - an amulet of regeneration (around neck)
 i - a ring of see invisible (left hand)
Wands
 M - a wand of digging (7)
Scrolls
 b - a scroll of silence {unknown}
 c - 3 scrolls of fear
 g - a scroll of vulnerability {unknown}
 n - a scroll of amnesia {unknown}
 o - a scroll of immolation {unknown}
 p - a scroll of identify
 q - a scroll of magic mapping {unknown}
 s - a scroll of noise {unknown}
 v - 5 scrolls of teleportation
 w - 2 scrolls of enchant armour {unknown}
 x - 3 scrolls of fog
 z - a scroll of holy word {unknown}
 A - 3 scrolls of blinking {unknown}
 F - a scroll of enchant weapon {unknown}
Potions
 a - 2 potions of magic {unknown}
 e - 3 potions of flight
 j - 3 potions of attraction
 m - a potion of haste
 r - 3 potions of heal wounds
 t - 2 potions of mutation {unknown}
 u - 2 potions of curing
 B - 2 potions of resistance
 E - a potion of ambrosia {unknown}
 G - a potion of brilliance {unknown}


   Skills:
 + Level 11.0(16.0) Fighting
 + Level 10.2(15.2) Maces & Flails
 - Level 2.0(7.0) Throwing
 + Level 10.6(15.6) Armour
 - Level 3.0(8.0) Dodging
 + Level 9.5(14.5) Shields
 - Level 8.0 Invocations


You had 11 spell levels left.
You didn't know any spells.
Your spell library contained the following spells:

 Spells                   Type           Power      Damage    Failure   Level
 Foxfire                  Conj/Fire      0%         2x1d4     99%         1
 Freeze                   Ice            0%         1d3       99%         1
 Magic Dart               Conj           0%         1d3       99%         1
 Confusing Touch          Hex            0%         N/A       100%        3
 Conjure Flame            Conj/Fire      0%         6-21      100%        3
 Frozen Ramparts          Ice            0%         1d2       100%        3
 Gell's Gravitas          Tloc           0%         N/A       100%        3
 Inner Flame              Hex/Fire       0%         N/A       100%        3
 Mephitic Cloud           Conj/Pois/Air  0%         N/A       100%        3
 Teleport Other           Tloc           0%         N/A       100%        3
 Flame Wave               Conj/Fire      0%         2d4       100%        4
 Hailstorm                Conj/Ice       0%         3d3       100%        4
 Borgnjor's Vile Clutch   Necr/Erth      0%         N/A       100%        5
 Yara's Violent Unravell  Hex/Tmut       0%         3d3       100%        5
 Dispersal                Tloc           0%         N/A       100%        6
 Enfeeble                 Hex            0%         N/A       100%        7
 Call Imp                 Summ           Unusable   N/A       N/A         2
 Animate Dead             Necr           Unusable   N/A       N/A         4
 Death Channel            Necr           Unusable   N/A       N/A         6

Dungeon Overview and Level Annotations

Branches:
Dungeon (11/15)            Temple (1/1) D:7            Lair (0/6) D:11
  Sewer (visited)          Bailey (visited)
    Orc: D:9-12

Altars:
Ashenzari
Cheibriados
Dithmenos
Elyvilon
Fedhas
Gozag
Hepliaklqana
Kikubaaqudgha
Makhleb
Nemelex Xobeh
Okawaru
Qazlal
Ru
Sif Muna
Trog
Uskayaw
Vehumet
Wu Jian
Xom
Yredelemnul
Zin
The Shining One

Shops:
D:8 :**

Annotations:
D:8 Gastronok


Innate Abilities, Weirdness & Mutations

You are immune to sickness and miasma.
Your stone body is resilient. (AC +8)
You are immune to poison.
You resist negative energy. (rN+)
You are resistant to electric shocks. (rElec)
You are resistant to unholy torment.
You are immune to petrification.


Message History

The vampire mosquito bites you.
The vampire mosquito bites you but does no damage.
You block the vampire mosquito's attack.
The vampire mosquito bites you. The boulder beetle barely misses you.
You gain the combat prowess of a mighty hero.
You block the vampire mosquito's attack. x2
The vampire mosquito barely misses you. The boulder beetle barely misses you.
The vampire mosquito completely misses you.
Unknown command.
Unknown command.
You sock the boulder beetle!
The boulder beetle is moderately wounded.
You block the vampire mosquito's attack. x2
Unknown command.
You hit the boulder beetle.
The boulder beetle is moderately wounded.
The vampire mosquito closely misses you.
You block the vampire mosquito's attack.
The boulder beetle leaps!
The vampire mosquito bites you.
Unknown command.
You impale the vampire mosquito!!
You destroy the vampire mosquito!
Okawaru accepts your kill.
The vampire mosquito bites you but does no damage.
You block the vampire mosquito's attack.
The boulder beetle curls into a ball and begins rolling!
Unknown command.
You impale the vampire mosquito!!
The vampire mosquito is severely damaged.
You block the vampire mosquito's attack.
The vampire mosquito bites you.
Unknown command.
The vampire mosquito bites you but does no damage.
A vampire mosquito comes into view.
The vampire mosquito bites you but does no damage.
You see here a vampire mosquito corpse.
Unknown command.
The vampire mosquito buzzes angrily.
The vampire mosquito barely misses you. The boulder beetle hits you!!
You die...

#..# ........# ≈..######..#
....(...# ≈..........# .$.......
..######<... .......... ..# ###.#
...........y ##.# ##).
........B...<#######(.# ###.).
.................y...#######.....
.<.........>°°°B@†........#......
...........°........^..##........
######################.##.......>
#.###....... #.# ##...... #.#
##..... ..# ###... ..# ##. ..# .


You could see a boulder beetle (rolling) and 2 vampire mosquitoes.

Vanquished Creatures
  Josephine (D:10)
  Harold (D:10)
  Erica (D:8)
  3 orc knights
  The ghost of DuloT34 the Archer, a novice BaAM of Okawaru (D:6)
  Maurice (D:8)
  Maggie (D:9)
  A kobold demonologist (D:9)
  4 wyverns
  Sigmund (D:2)
  3 wraiths (D:10)
  10 yaks
  A vampire (D:10)
  A vampire mosquito (D:11)
  Menkaure (D:3)
  3 wargs (D:10)
  An acid dragon (D:10)
  9 orc warriors
  2 sky beasts
  A black bear (D:8)
  2 ice beasts
  2 necrophages
  3 centaurs (D:8)
  4 ogres
  2 phantoms
  3 kobold brigands
  Blork the orc (D:4)
  4 bullfrogs
  A wyvern zombie (D:7)
  3 scorpions
  A water moccasin zombie (D:7)
  A water moccasin skeleton (D:7)
  8 killer bees
  5 wights
  2 howler monkeys (D:9)
  A centaur zombie (D:7)
  2 hounds
  Crazy Yiuf (D:2)
  2 jellies (D:6)
  5 orc priests
  Jessica (D:3)
  2 iguanas
  Ijyb (D:4)
  3 orc wizards
  A hound skeleton (D:4)
  2 howler monkey zombies
  Robin (D:3)
  7 gnolls (Bailey)
  17 adders
  9 river rats
  A white imp (D:7)
  An adder skeleton (D:4)
  A worm (D:2)
  A dart slug (D:4)
  37 orcs
  16 ball pythons
  4 bats
  7 endoplasms
  8 giant cockroaches
  27 goblins
  25 hobgoblins
  A quokka (D:2)
  6 frilled lizards
  16 kobolds
  A quokka skeleton (D:3)
  24 rats
320 creatures vanquished.

Vanquished Creatures (others)
  7 plants (D:11)
7 creatures vanquished.

Grand Total: 327 creatures vanquished

Notes
Turn   | Place    | Note
-------+----------+-------------------------------------------
     0 | D:1      | protoss039 the Gargoyle Gladiator began the quest for the
                  | Orb.
     0 | D:1      | Reached XP level 1. HP: 12/12 MP: 1/1
   231 | D:1      | Reached XP level 2. HP: 17/17 MP: 2/2
   486 | D:2      | Reached XP level 3. HP: 22/22 MP: 3/3
   638 | D:2      | Reached skill level 1 in Armour
   730 | D:2      | Found a snail-covered altar of Cheibriados.
   845 | D:2      | Found a runed translucent door.
   846 | D:2      | Noticed Crazy Yiuf
   963 | D:2      | Noticed Sigmund
   973 | D:2      | Killed Sigmund
   974 | D:2      | Reached skill level 3 in Fighting
   974 | D:2      | Reached XP level 4. HP: 23/29 MP: 4/4
   974 | D:2      | Reached XP level 5. HP: 26/33 MP: 5/5
  1103 | D:2      | Reached skill level 4 in Fighting
  1178 | D:2      | Killed Crazy Yiuf
  1179 | D:2      | Reached XP level 6. HP: 26/38 MP: 6/6
  1290 | D:3      | Noticed Robin
  1333 | D:3      | Killed Robin
  1687 | D:3      | Found a glowing drain.
  1697 | Sewer    | Entered a sewer
  1993 | Sewer    | Reached XP level 7. HP: 44/44 MP: 7/7
  2081 | Sewer    | Reached skill level 5 in Fighting
  2081 | Sewer    | Reached skill level 5 in Maces & Flails
  2199 | D:3      | Found a faded altar of an unknown god.
  2383 | D:3      | Noticed Jessica
  2388 | D:3      | Killed Jessica
  2912 | D:4      | Noticed Menkaure
  2937 | D:3      | Killed Menkaure
  2938 | D:3      | Reached skill level 1 in Shields
  2994 | D:4      | Found a bloodstained altar of Trog.
  3010 | D:4      | Found a broken altar of Ashenzari.
  3145 | D:4      | Noticed Blork the orc
  3152 | D:4      | Killed Blork the orc
  3153 | D:4      | Reached XP level 8. HP: 51/51 MP: 8/8
  3274 | D:4      | Reached skill level 5 in Armour
  3769 | D:4      | Noticed Ijyb
  3786 | D:4      | Killed Ijyb
  4032 | D:5      | Entered Level 5 of the Dungeon
  4047 | D:5      | Reached skill level 6 in Fighting
  5088 | D:6      | Reached XP level 9. HP: 54/56 MP: 9/9
  5101 | D:6      | Reached skill level 7 in Fighting
  5471 | D:6      | Found a large runed translucent door.
  5473 | D:6      | Found a large runed translucent door.
  5475 | D:6      | Noticed DuloT34's ghost (novice BaAM)
  5930 | D:6      | Killed DuloT34's ghost
  5931 | D:6      | Reached skill level 5 in Shields
  6214 | D:7      | Found a staircase to the Ecumenical Temple.
  6468 | D:7      | Reached skill level 8 in Fighting
  6732 | Temple   | Entered the Ecumenical Temple
  7158 | Temple   | Became a worshipper of Warmaster Okawaru
  7235 | D:8      | Found Qaniri's Assorted Antiques.
  7282 | D:8      | Reached skill level 1 in Invocations
  7300 | D:8      | Reached XP level 10. HP: 39/64 MP: 9/11
  7353 | D:8      | Found Noron's Book Boutique.
  7361 | D:8      | Noticed Erica
  7373 | D:8      | Killed Erica
  7373 | D:8      | Reached * piety under Okawaru
  7397 | D:8      | Noticed Gastronok
  7550 | D:8      | Found Zugy's Assorted Antiques.
  7682 | D:7      | Reached ** piety under Okawaru
  7877 | D:8      | Noticed Maurice
  7891 | D:8      | Killed Maurice
  8178 | D:8      | Bought a lumpy white potion for 22 gold pieces
  8178 | D:8      | Bought a scroll of identify for 50 gold pieces
  8178 | D:8      | Bought a scroll of teleportation for 75 gold pieces
  8271 | D:8      | Reached skill level 5 in Invocations
  8286 | D:9      | Noticed Maggie
  8290 | D:9      | Found a flagged portal.
  8293 | D:9      | Noticed a kobold demonologist
  8302 | D:9      | Killed Maggie
  8302 | D:9      | Reached *** piety under Okawaru
  8303 | D:9      | Reached skill level 9 in Fighting
  8324 | D:9      | Killed a kobold demonologist
  8335 | D:9      | Reached XP level 11. HP: 63/71 MP: 15/15
  8352 | Bailey   | Entered a bailey
  8516 | Bailey   | Noticed an orc knight
  8556 | Bailey   | Killed an orc knight
  8665 | Bailey   | Noticed an orc knight
  8697 | Bailey   | Killed an orc knight
  8908 | Bailey   | Reached **** piety under Okawaru
  9076 | Bailey   | Noticed an orc knight
  9076 | Bailey   | Noticed an orc warlord
 10108 | D:9      | Killed an orc knight
 10175 | D:10     | Entered Level 10 of the Dungeon
 10304 | D:10     | Noticed Josephine
 10320 | D:10     | Killed Josephine
 10471 | D:10     | Noticed Harold
 10593 | D:10     | Reached ***** piety under Okawaru
 10636 | D:10     | Reached skill level 10 in Fighting
 10636 | D:10     | Reached skill level 10 in Maces & Flails
 10636 | D:10     | Reached skill level 10 in Armour
 10636 | D:10     | Reached XP level 12. HP: 79/79 MP: 17/17
 10655 | D:10     | Killed Harold
 11010 | D:10     | Reached skill level 11 in Fighting
 11100 | D:11     | Noticed a boulder beetle
 11190 | D:11     | Found a staircase to the Lair.
 11236 | D:11     | Slain by a boulder beetle

Illustrated notes

Levels and vault maps discovered:
D:1:      wander_arrival_estate, layout_basic
D:2:      layout_loops_ring, basic_altar, amcnicky_mini_corridor_feature,
          uniq_sigmund, uniq_crazy_yiuf_cottage
D:3:      layout_basic, basic_ecumenical_altar, portal_sewer_entry_e,
          minmay_increasing_density, uniq_jessica, uniq_robin
D:4:      layout_cave_pods, mainiacjoe_overflow_large_starburst,
          skrybe_limestone_x, minivault_24, minivault_5, uniq_blork_the_orc,
          uniq_menkaure, uniq_ijyb
D:5:      layout_basic, minmay_ogre_servants
D:6:      layout_basic, ebering_ghost_disaster_area, chequers_decorated_corner,
          dk_noncrumbling_4, minmay_misc_feat_chi, grunt_decor_cap
D:7:      layout_basic, temple_pool_b
D:8:      layout_gridville, serial_shops, shop_fountains, shop_fountains,
          shop_statue, special_room [special_room_orc], uniq_gastronok,
          uniq_erica, uniq_maurice
D:9:      layout_cave_pods, enter_bailey_1, uniq_maggie
D:10:     layout_irregular_city, uniq_harold, uniq_josephine
D:11:     layout_small_grid, erik_lair_orcish_takeover, erik_orc_1,
          serial_bayou, serial_bayou_shore_a, serial_bayou_lagoon_b,
          serial_bayou_pond_e, serial_bayou_pond_e, minmay_diamond_spiral
Temple:   mainiacjoe_temple_big_plus

Skill      XL: |  1  2  3  4  5  6  7  8  9 10 11 12 |
---------------+-------------------------------------+-----
Throwing       | 2 |  2.0
Armour         | 2 3 4 6 7 8 10 | 10.6
Fighting       | 3 4 5 6 8 9 10 11 | 11.0
Maces & Flails | 4 5 6 7 8 10 | 10.2
Dodging        | 3 |  3.0
Shields        | 1 4 5 7 9 |  9.5
Invocations    | 1 5 7 8 |  8.0

Action                   |  1- 3 |  4- 6 |  7- 9 | 10-12 || total
-------------------------+-------+-------+-------+-------++-------
Melee: Flail             |    83 |     1 |   352 |   220 ||   656
       Punch             |     1 |       |       |       ||     1
       Scythe            |       |   276 |   157 |       ||   433
       Morningstar       |       |       |       |   441 ||   441
Throw: Throwing net      |     1 |       |       |     2 ||     3
       Boomerang         |       |       |       |     1 ||     1
Invok: Heroism           |       |       |       |     7 ||     7
       Finesse           |       |       |       |     1 ||     1
Evoke: Wand              |       |       |     3 |    22 ||    25
  Use: Potion            |       |       |     2 |     4 ||     6
       Scroll            |       |       |     4 |     4 ||     8
Armor: Leather armour    |    17 |       |       |       ||    17
       Plate armour      |    50 |   682 |   523 |   456 ||  1711
       Skin              |       |       |   390 |       ||   390
Dodge: Dodged            |    30 |   338 |   156 |   201 ||   725
Block: Kite shield       |       |       |   154 |   376 ||   530
